 Dungeon Crawl Stone Soup version 0.32-a0-543-gefe97123c3 (webtiles) character file.

Game seed: 10932693431574071901

18 anansati the Sneak (level 2, -1/22 HPs)
             Began as a Demonspawn Brigand on Feb 29, 2024.
             Was a Follower of Qazlal.
             Killed from afar by an orc wizard (3 damage)
             ... with a magic dart
             ... on level 1 of the Dungeon.
             The game lasted 00:00:44 (756 turns).

anansati the Sneak (Demonspawn Brigand)              Turns: 756, Time: 00:00:44

Health: -1/22      AC:  6    Str: 11    XL:     2   Next: 48%
Magic:  2/2        EV: 10    Int: 11    God:    Qazlal [*.....]
Gold:   29         SH:  0    Dex: 14    Spells: 1/1 levels left

rFire   . . .        a - +2 dagger
rCold   . . .        (no shield)
rNeg    . . .        g - +0 ring mail
rPois   .            (no helmet)
rElec   .            c - +0 cloak
rCorr   .            (no gloves)
SInv    .            (no boots)
Will    .....        (no amulet) Stlth
                     (no ring)
HPRegen 0.23/turn    (no ring)
MPRegen 0.08/turn

%: no passive effects
@: confused
A: powered by pain 1
a: Renounce Religion


You were on level 1 of the Dungeon.
You worshipped Qazlal.
Qazlal was aware of your devotion.
You visited 1 branch of the dungeon, and saw 2 of its levels.

You collected 29 gold pieces.

Inventory:

Hand Weapons
 a - a +2 dagger (weapon)
Missiles
 d - 15 poisoned darts (quivered)
 e - 3 curare-tipped darts
Armour
 c - a +0 cloak (worn)
 g - a +0 ring mail (worn)
Scrolls
 b - a scroll of teleportation {unknown}
 f - a scroll of identify {unknown}
 h - a scroll of fear {unknown}
Potions
 i - a potion of mutation {unknown}
 j - a potion of brilliance {unknown}
 k - a potion of degeneration {unknown}


   Skills:
 - Level 2.0 Fighting
 - Level 1.7 Short Blades
 - Level 1.7 Throwing
 - Level 0.8 Dodging
 - Level 3.6 Stealth
 * Level 2.0 Unarmed Combat


You had one spell level left.
You didn't know any spells.
Your spell library was empty.

Dungeon Overview and Level Annotations

Branches:
Dungeon (2/15)

Altars:
Qazlal


Innate Abilities, Weirdness & Mutations

You sometimes gain a little power by taking damage.


Message History

You are too confused!
You are too confused!
You are too confused!
You are too confused!
You are too confused!
You are too confused!
You are too confused!
You are too confused!
You miss the orc.
The orc is almost dead.
The orc hits you but does no damage. Something hits you but does no damage.
You closely miss something. The orc closely misses you.
Something hits you but does no damage.
You miss something. The orc barely misses you.
You hear some strange, mumbled words.
You are more confused.
You hit the orc.
You kill the orc!
Qazlal accepts your kill.
You hear some strange, mumbled words.
Something tries to affect you, but you resist.
Your Unarmed Combat skill increases to level 2!
You bump into the rock wall.
Something hits you.
You see here a +0 flail.
A magic dart appears from out of thin air!
The magic dart hits you!
You bump into the rock wall.
You bump into the rock wall.
Something hits you but does no damage.
You bump into the rock wall.
You hear some strange, mumbled words.
A magic dart appears from out of thin air!
The magic dart hits you.
* * * LOW HITPOINT WARNING * * *
You bump into the rock wall.
Something hits you.
* * * LOW HITPOINT WARNING * * *
You bump into the rock wall.
You hear some strange, mumbled words.
A magic dart appears from out of thin air!
The magic dart hits you.
You die...

#.###.............##
##.#.......~~~.......
#..'.....~~≈≈≈~~.....
#..#....~≈≈≈≈≈≈≈~....
#..##################
#..#...#.##.....# #.#
#..#.#.#.##.....###.#
#..#.#.#.#.......##.#
#...@{>..#.##.##.##.#
####.#####.##.##.##..
#.# #....##.####
#.#####.###[......
#######
#.##........#.####
#.....#
#.##.##.......#
##.###.##
#...........###
#.......##
####.##.....#
#..#.[...# #.####...#


There were no monsters in sight!

Vanquished Creatures
  An orc (D:1)
  A bat (D:1)
  An endoplasm (D:1)
  4 giant cockroaches (D:1)
  A goblin (D:1)
  A hobgoblin (D:1)
  A quokka (D:1)
  A ball python (D:1)
  2 frilled lizards (D:1)
  2 rats (D:1)
15 creatures vanquished.

Notes
Turn   | Place    | Note
-------+----------+-------------------------------------------
     0 | D:1      | anansati the Demonspawn Brigand began the quest for the
                  | Orb.
     0 | D:1      | Reached XP level 1. HP: 16/16 MP: 1/1
   235 | D:1      | Reached skill level 1 in Unarmed Combat
   289 | D:1      | Found a faded altar of an unknown god.
   394 | D:1      | Prayed at the altar of an unknown god.
   394 | D:1      | Became a worshipper of Qazlal Stormbringer
   394 | D:1      | Reached * piety under Qazlal
   460 | D:1      | Gained mutation: You sometimes gain a little power by
                  | taking damage. [demonic ancestry]
   460 | D:1      | Reached XP level 2. HP: 22/22 MP: 2/2
   756 | D:1      | Killed from afar by an orc wizard

Illustrated notes

Levels and vault maps discovered:
D:1:      nzn_arrival_depleted_hourglass, layout_loops_cross,
          chequers_ecumenical_altar_simple_redux, minmay_worlds_worst_comb
D:2:      layout_loops_ring

Skill      XL: |  1  2 |
---------------+-------+-----
Unarmed Combat | 1 2 |  2.0
Fighting       | |  2.0
Short Blades   | |  1.7
Throwing       | |  1.7
Dodging        | |  0.8
Stealth        | |  3.6

Action                     || total
---------------------------++-------
  Melee: Dagger            ||    39
   Stab: Sleeping          ||     1
 Armour: Ring mail         ||    36
  Dodge: Dodged            ||    22
  Block: Other             ||     1

Table legend: (Time is in decaauts)
 A = Elapsed time spent in this place.
 B = Non-inter-level travel time spent in this place.
 C = Inter-level travel time spent in this place.
 D = Time resting spent in this place.
 E = Time spent auto-exploring this place.
 F = Levels seen in this place.
 G = Mean time per level.
                   A        B        C        D        E       F      G
               +--------+--------+--------+--------+--------+-----+--------+
         Total |    753 |    720 |     33 |      0 |    598 |   2 |  376.5 |
       Dungeon |    753 |    720 |     33 |      0 |    598 |   2 |  376.5 |
               +--------+--------+--------+--------+--------+-----+--------+

Top non-repeatable levels by time:
     D:1: 749 daAuts
     D:2: 3 daAuts
